 Dungeon Crawl Stone Soup version 0.31-a0-986-g5e6e4ef867 (webtiles) character file.

Game seed: 4513364135070201024

1164 LeprechaunX the Changeling (level 8, -11/54 HPs)
             Began as an Octopode Shapeshifter on Nov 11, 2023.
             Killed from afar by a steam dragon (13 damage)
             ... with a ball of steam
             ... on level 6 of the Dungeon.
             The game lasted 00:07:14 (5098 turns).

LeprechaunX the Changeling (Octopode Shapeshifter)  Turns: 5098, Time: 00:07:15

Health: -11/54     AC:  1    Str: 13    XL:     8   Next: 40%
Magic:  8/8        EV: 18    Int: 13    God:
Gold:   225        SH:  0    Dex: 13    Spells: 7/7 levels left

rFire   . .          .
                       - Unarmed
rCold   . . .        (no shield)
rNeg    . . .        (helmet currently unavailable)
rPois   .            (no amulet)
rElec   .            e - +5 ring of evasion
rCorr   .            h - ring of willpower
SInv    .            l - ring of flight
Will    +....        (no ring)
Stlth   ++           (no ring)
HPRegen 0.29/turn    (no ring)
MPRegen 0.11/turn    (no ring)
                     (no ring)

%: no passive effects
@: beast-form, flying
A: beast (slay +3), almost no armour, amphibious, 8 rings, camouflage 1,
gelatinous body 1, (nimble swimmer 1), tentacles
a: Begin Untransformation


You were on level 6 of the Dungeon.
You were a hulking beast.
You visited 1 branch of the dungeon, and saw 6 of its levels.

You collected 225 gold pieces.

Inventory:

Missiles
 m - 2 javelins
 w - a throwing net
Jewellery
 e - a +5 ring of evasion (left tentacle)
 h - a ring of willpower (right tentacle)
 l - a ring of flight (on tentacle)
Talismans
 b - a beast talisman
 c - a flux talisman
Wands
 a - a wand of iceblast (6) (quivered)
 p - a wand of polymorph (8)
Scrolls
 f - 3 scrolls of vulnerability {unknown}
 g - 7 scrolls of identify {unknown}
 i - a scroll of fear {unknown}
 j - a scroll of revelation {unknown}
 n - 3 scrolls of teleportation {unknown}
 o - 2 scrolls of poison {unknown}
 q - a scroll of blinking {unknown}
 r - a scroll of amnesia {unknown}
 t - 2 scrolls of silence {unknown}
Potions
 d - 6 potions of curing {unknown}
 k - a potion of invisibility {unknown}
 s - a potion of berserk rage {unknown}
 u - a potion of cancellation {unknown}
 v - a potion of lignification
 x - a potion of heal wounds {unknown}


   Skills:
 + Level 4.3 Fighting
 - Level 3.0 Throwing
 - Level 2.0 Dodging
 + Level 5.2 Unarmed Combat
 + Level 2.7 Evocations
 * Level 6.3 Shapeshifting


You had 7 spell levels left.
You didn't know any spells.
Your spell library contained the following spells:

 Spells                   Type           Power      Damage    Failure   Level
 Summon Guardian Golem    Hex/Summ       0%         N/A       67%         3
 Orb of Destruction       Conj           0%         9d5       100%        7
 Spellforged Servitor     Conj/Summ      0%         N/A       100%        7


Dungeon Overview and Level Annotations

Branches:
Dungeon (6/15)
 Temple: D:4-7

Altars:
Qazlal
Sif Muna
Trog
Vehumet
Wu Jian

Shops:
D:5 =

Annotations:
D:3 3 runed translucent doors, Arex's ghost, weakling DsAr


Innate Abilities, Weirdness & Mutations

You are a hulking beast.
Your limbs bulge with bestial killing power. (Slay +3)
You cannot wear most types of armour.
You are amphibious.
You can wear up to eight rings at the same time.
Your skin changes colour to match your surroundings (Stealth+).
Your rubbery body absorbs attacks. (AC +1, EV +1)
((You are camouflaged when in or above water. (Stealth+)))
You have tentacles for arms and can constrict up to eight enemies at once.


Message History

Done exploring.
Search for what [Enter for "."]? .
There is an open door here.
You see here 6 stones.
There is an open door here.
There is a stone staircase leading down here.
You fly downwards.
Found a triangular steel amulet.
There is a stone staircase leading up here.
A steam dragon is nearby!
A steam dragon is nearby!
The helpless steam dragon fails to defend itself.
You bludgeon the steam dragon!
The steam dragon is moderately wounded.
You barely miss the steam dragon.
The steam dragon is moderately wounded.
The steam dragon breathes steam at you. The ball of steam hits you!!
Ouch! That really hurt!
You hear a bellow! x2; You hear a shout! x2
You tentacle-slap the steam dragon. Your squeeze misses the steam dragon.
The steam dragon is heavily wounded.
You are engulfed in a cloud of scalding steam.
You hear a bellow!
The steam dragon misses you. The steam dragon closely misses you.
You barely miss the steam dragon.
The steam dragon is heavily wounded.
You are engulfed in a cloud of scalding steam.
* * * LOW HITPOINT WARNING * * *
The steam dragon barely misses you. The steam dragon claws you.
* * * LOW HITPOINT WARNING * * *
Unknown command.
Aiming: Iceblast
Press: ? - help, Q - select action, (/) - cycle Shift-Dir - straight line The mass of ice explodes!
The iceblast engulfs the steam dragon!
The steam dragon is almost dead.
You hear a shout! x6
The steam dragon breathes steam at you. The ball of steam hits you!
You die...

###...
.#...#
....######
"........#
###.#......#
...+......#
#.#.D....#
#§§h.....#
#§§.######
...§#§#
######.# ...
#.## ... ##.


You could see a steam dragon (catching breath).

Vanquished Creatures
  Menkaure (D:4)
  A water moccasin (D:3)
  An ogre (D:5)
  A phantom (D:5)
  3 scorpions
  2 gnoll boudas
  3 hounds
  Jessica (D:2)
  Ijyb (D:4)
  2 iguanas
  2 orc wizards (D:5)
  13 gnolls
  4 adders
  2 ufetubi (D:5)
  A worm (D:2)
  6 dart slugs
  15 orcs
  8 endoplasms
  7 giant cockroaches
  10 goblins
  6 hobgoblins
  3 jackals (D:1)
  3 quokkas
  7 ball pythons
  4 bats
  5 frilled lizards
  3 kobolds (D:1)
  6 rats
121 creatures vanquished.

Notes
Turn   | Place    | Note
-------+----------+-------------------------------------------
     0 | D:1      | LeprechaunX the Octopode Shapeshifter began the quest for
                  | the Orb.
     0 | D:1      | Reached XP level 1. HP: 13/13 MP: 1/1
   144 | D:1      | Reached XP level 2. HP: 18/18 MP: 2/2
   503 | D:1      | Reached XP level 3. HP: 23/23 MP: 3/3
   942 | D:2      | Noticed Jessica
   951 | D:2      | Killed Jessica
   952 | D:2      | Reached skill level 4 in Shapeshifting
   952 | D:2      | Reached XP level 4. HP: 23/29 MP: 4/4
  1232 | D:2      | Found a bloodstained altar of Trog.
  1569 | D:3      | Found a runed translucent gate.
  1569 | D:3      | Found a runed translucent gate.
  1569 | D:3      | Found a runed translucent gate.
  1569 | D:3      | Noticed Arex's ghost (weakling DsAr)
  1599 | D:3      | Reached XP level 5. HP: 2/35 MP: 5/5
  1754 | D:3      | Found an ornate altar of the Wu Jian Council.
  1757 | D:3      | Found a radiant altar of Vehumet.
  1759 | D:3      | Found a stormy altar of Qazlal.
  2013 | D:3      | Reached skill level 1 in Throwing
  2093 | D:3      | Noticed a water moccasin
  2107 | D:3      | Killed a water moccasin
  2108 | D:3      | Reached XP level 6. HP: 9/41 MP: 6/6
  2479 | D:3      | Found a shimmering blue altar of Sif Muna.
  2965 | D:4      | Noticed Menkaure
  2973 | D:4      | Killed Menkaure
  2974 | D:4      | Reached skill level 5 in Shapeshifting
  3006 | D:4      | Noticed Ijyb
  3015 | D:4      | Killed Ijyb
  3020 | D:4      | Reached XP level 7. HP: 28/46 MP: 7/7
  3405 | D:4      | Reached skill level 1 in Evocations
  3713 | D:5      | Entered Level 5 of the Dungeon
  3945 | D:5      | Reached XP level 8. HP: 54/54 MP: 8/8
  3968 | D:5      | Reached skill level 6 in Shapeshifting
  4132 | D:5      | Reached skill level 5 in Unarmed Combat
  4911 | D:5      | Found Finnoggi's Jewellery Boutique.
  5097 | D:6      | HP: 2/54 [steam dragon (5)]
  5098 | D:6      | Killed from afar by a steam dragon

Illustrated notes

Levels and vault maps discovered:
D:1:      dpeg_arrival_oval, layout_loops_ring
D:2:      layout_basic, basic_altar, minmay_tripent, uniq_jessica
D:3:      wad_lake_hut, layout_basic, nicolae_overflow_hidden_temple,
          grunt_temple_overflow_open, ebering_ghost_rock_garden,
          nicolae_the_louvre
D:4:      layout_cave_pools, uniq_menkaure, uniq_ijyb
D:5:      layout_basic, serial_shops, nicolae_inconvenience_store,
          grunt_ministairs_15, minivault_11, reono_crystal_passage
D:6:      layout_basic, hellmonk_okawaru_the_only_friend_you_need,
          minmay_temple_entry_junction, kennysheep_generic_room_4

Skill      XL: |  1  2  3  4  5  6  7  8 |
---------------+-------------------------+-----
Fighting       | 2 3 4 |  4.3
Shapeshifting  | 4 5 6 |  6.3
Throwing       | 1 2 3 |  3.0
Unarmed Combat | 4 5 |  5.2
Evocations     | 1 2 |  2.7
Dodging        | |  2.0

Action                     |  1- 3 |  4- 6 |  7- 9 || total
---------------------------+-------+-------+-------++-------
  Melee: Unarmed           |    69 |    85 |   112 ||   266
         Constrict         |    17 |    21 |    29 ||    67
         Tentacles         |    11 |    14 |    34 ||    59
         Punch             |     3 |     3 |     4 ||    10
  Throw: Javelin           |       |     2 |     3 ||     5
  Evoke: Wand              |       |       |     1 ||     1
    Use: Potion            |       |     1 |       ||     1
   Stab: Sleeping          |    11 |     9 |     3 ||    23
 Armour: Skin              |    18 |    54 |    43 ||   115
  Dodge: Dodged            |    28 |    45 |    96 ||   169

Table legend: (Time is in decaauts)
 A = Elapsed time spent in this place.
 B = Non-inter-level travel time spent in this place.
 C = Inter-level travel time spent in this place.
 D = Time resting spent in this place.
 E = Time spent auto-exploring this place.
 F = Levels seen in this place.
 G = Mean time per level.
                   A        B        C        D        E       F      G
               +--------+--------+--------+--------+--------+-----+--------+
         Total |   5080 |   4711 |    369 |    721 |   3183 |   6 |  846.7 |
       Dungeon |   5080 |   4711 |    369 |    721 |   3183 |   6 |  846.7 |
               +--------+--------+--------+--------+--------+-----+--------+

Top non-repeatable levels by time:
     D:3: 1499 daAuts
     D:5: 1128 daAuts
     D:4: 969 daAuts
     D:2: 774 daAuts
     D:1: 701 daAuts
     D:6: 6 daAuts
